Abbotsford Heat vs Edmonton Oil Kings
Created - Friday, March 24, 2023 at 07:22
Goals
|
| Abbotsford Heat |
2 |
1 |
1 |
4 |
| Edmonton Oil Kings |
0 |
2 |
4 |
6 |
|
Shots
|
| Abbotsford Heat |
6 |
16 |
7 |
29 |
| Edmonton Oil Kings |
7 |
19 |
22 |
48 |
|
1st period
1. Abbotsford Heat , Benoit-Olivier Groulx 2 (Alex Limoges 3) at 14:55
2. Abbotsford Heat , Cole Perfetti 2 (Bobby Brink 5) at 17:05 (SH)
Penalties :
Rafael Harvey-Pinard (ABH) for Roughing (Minor) at 12:22, Tyler Angle (EOK) for Fighting (Major) at 15:51, Alex Limoges (ABH) for Fighting (Major) at 15:51, Alex Limoges (ABH) for instigated a fight (Minor) at 15:51, Alex Limoges (ABH) for instigated a fight (10 Minutes Misconduct) at 15:51, Brett Kulak (EOK) for Diving (Minor) at 19:16
2nd period
3. Edmonton Oil Kings , Julien Gauthier 2 (Connor McMichael 3, Gabriel Carlsson 3) at 1:45
4. Edmonton Oil Kings , Dillon Dube 5 (Dawson Mercer 11) at 15:34 (PP)
5. Abbotsford Heat , Cole Sillinger 4 (Michael Anderson 7) at 17:35 (PP)
Penalties :
Julien Gauthier (EOK) for Hooking (Minor) at 8:08, Cole Sillinger (ABH) for Hooking (Minor) at 8:34, Ryan Merkley (ABH) for Tripping (Minor) at 15:33, Dylan Holloway (EOK) for Hooking (Minor) at 17:26
3rd period
6. Edmonton Oil Kings , Dawson Mercer 11 (Filip Zadina 11, Ryan McLeod 7) at 5:40
7. Edmonton Oil Kings , Dawson Mercer 12 (Ryan McLeod 8, Jack Johnson 4) at 10:38
8. Edmonton Oil Kings , Julien Gauthier 3 (Connor McMichael 4, Tyler Angle 3) at 11:53
9. Edmonton Oil Kings , Noah Gregor 6 (Josh Mahura 2, Dawson Mercer 12) at 13:12 (PP)
10. Abbotsford Heat , Cole Perfetti 3 (Yakov Trenin 6) at 13:16
Penalties :
Michael Anderson (ABH) for Interference (Minor) at 12:56, Ryan Merkley (ABH) for Hooking (Minor) at 15:16
Goalie Stats
Pheonix Copley (ABH), 42 saves from 48 shots - (0.875), L, 1-6-0, 60:00 minutes
Adam Huska (EOK), 25 saves from 29 shots - (0.862), W, 3-1-0, 60:00 minutes
Players Stats for Abbotsford Heat
Player Name G A P +/- PIM S H SB GA TA FO MP PP MP PK MP
------------------------------------------------------------------------------------
Alex Limoges 0 1 1 0 17 1 0 0 0 0 1/1 9:31 0:00 0:12
Benoit-Olivier Groulx 1 0 1 -1 0 2 0 1 0 0 6/11 13:06 0:00 0:03
Bobby Brink 0 1 1 2 0 5 2 2 0 0 3/3 18:36 1:17 1:44
Cole Perfetti 2 0 2 2 0 3 0 1 1 0 0/1 18:26 1:17 1:44
Cole Sillinger 1 0 1 -1 2 8 4 1 0 0 3/9 21:17 1:16 3:38
Daniil Miromanov 0 0 0 0 0 1 0 0 0 0 0/0 12:25 0:00 0:00
Dennis Gilbert 0 0 0 0 0 1 2 1 0 0 0/0 18:26 0:31 2:51
Filip Chlapik 0 0 0 -1 0 0 0 0 0 0 0/1 7:10 0:02 0:53
Gabriel Fortier 0 0 0 -1 0 0 0 0 0 0 0/0 5:34 0:00 0:00
Jacob Peterson 0 0 0 -1 0 0 0 1 0 0 0/2 9:35 0:00 1:04
Lane Pederson 0 0 0 -1 0 2 2 1 0 0 0/1 16:01 1:17 0:00
Mathias Laferriere 0 0 0 -1 0 3 3 1 1 0 0/0 11:44 0:00 0:00
Michael Anderson 0 1 1 -1 2 1 1 1 1 0 0/0 29:09 2:03 4:12
Rafael Harvey-Pinard 0 0 0 -1 2 0 3 1 0 0 0/0 16:49 1:17 0:18
Ryan Merkley 0 0 0 -1 4 1 1 2 0 1 0/0 27:14 2:03 2:54
Vincent Desharnais 0 0 0 0 0 0 1 1 0 0 0/0 18:31 0:31 2:28
Wyatt Newpower 0 0 0 0 0 0 0 2 0 0 0/0 12:43 0:00 0:55
Yakov Trenin 0 1 1 0 0 1 3 0 0 0 13/35 25:24 1:15 3:44
Players Stats for Edmonton Oil Kings
Player Name G A P +/- PIM S H SB GA TA FO MP PP MP PK MP
------------------------------------------------------------------------------------
Brett Kulak 0 0 0 0 2 1 4 2 0 0 0/0 22:55 2:36 0:00
Connor McMichael 0 2 2 2 0 4 1 0 0 0 0/0 8:46 0:03 0:00
Dawson Mercer 2 2 4 0 0 7 0 1 1 0 7/10 21:36 3:39 0:20
Dillon Dube 1 0 1 -2 0 4 1 0 0 0 0/0 17:58 3:39 0:20
Dylan Holloway 0 0 0 -1 2 1 0 1 0 0 3/7 13:24 0:00 0:00
Dysin Mayo 0 0 0 1 0 3 2 2 0 2 0/0 25:57 3:47 2:01
Filip Zadina 0 1 1 1 0 5 2 0 0 0 1/1 20:04 2:58 0:00
Gabriel Carlsson 0 1 1 0 0 0 1 1 0 1 0/0 22:24 2:44 0:00
Jack Johnson 0 1 1 1 0 3 3 1 0 0 0/0 22:44 0:00 2:01
Joey Anderson 0 0 0 0 0 3 0 0 0 0 0/0 13:38 2:58 0:00
Josh Mahura 0 1 1 0 0 2 1 1 0 0 0/0 14:52 3:56 0:33
Julien Gauthier 2 0 2 2 2 5 1 0 0 0 0/0 8:35 0:03 0:00
Libor Hajek 0 0 0 0 0 1 0 0 0 0 0/0 11:07 0:17 0:33
Morgan Barron 0 0 0 0 0 1 1 0 0 0 0/0 10:33 0:00 0:00
Nikita Alexandrov 0 0 0 2 0 1 2 1 0 0 2/2 9:17 0:07 0:00
Noah Gregor 1 0 1 -2 0 1 0 0 0 0 1/2 19:25 3:39 2:14
Ryan McLeod 0 2 2 1 0 3 1 0 0 0 21/37 22:56 2:54 2:14
Tyler Angle 0 1 1 0 5 3 0 0 0 0 3/5 9:46 0:00 0:08
3 Stars
1 - Dawson Mercer (EOK)
2 - Julien Gauthier (EOK)
3 - Cole Perfetti (ABH)
Power Play
Abbotsford Heat - 1 on 3 Attempt(s) - 33.33%
Edmonton Oil Kings - 2 on 6 Attempt(s) - 33.33%
Penalty Kill
Abbotsford Heat - 4 on 6 Attempt(s) - 66.67%
- Score 1 goal in Penalty Kill
Edmonton Oil Kings - 2 on 3 Attempt(s) - 66.67%
- Score 0 goal in Penalty Kill
Team Stat
Abbotsford Heat - Hits : 22 - Faceoff Wins : 26 - Blocked Shots : 16 - Penalty Minutes : 27
Edmonton Oil Kings - Hits : 20 - Faceoff Wins : 38 - Blocked Shots : 10 - Penalty Minutes : 11
Official
Referees : Garrett Rank and Gord Dwyer
Linesman : Tim Nowak and Bryan Pancich
Game Notes
Tyler Angle beats up Alex Limoges at 15:51 of 1st period
Abbotsford Heat
5 vs 5 Forward
Center Left Wing Right Wing Time % Phy DF OF
1 Yakov Trenin Cole Perfetti Bobby Brink 40 1 2 2
2 Cole Sillinger Rafael Harvey-Pinard Lane Pederson 30 1 2 2
3 Benoit-Olivier Groulx Alex Limoges Mathias Laferriere 20 1 2 2
4 Jacob Peterson Gabriel Fortier Yakov Trenin 10 1 2 2
5 vs 5 Defense
Defense Defense Time % Phy DF OF
1 Michael Anderson Ryan Merkley 40 1 2 2
2 Vincent Desharnais Dennis Gilbert 30 1 2 2
3 Daniil Miromanov Wyatt Newpower 20 1 2 2
4 Michael Anderson Ryan Merkley 10 1 2 2
PowerPlay Forward
Center Left Wing Right Wing Time % Phy DF OF
1 Yakov Trenin Cole Perfetti Bobby Brink 60 1 2 2
2 Cole Sillinger Rafael Harvey-Pinard Lane Pederson 40 1 2 2
PowerPlay Defense
Defense Defense Time % Phy DF OF
1 Michael Anderson Ryan Merkley 60 1 2 2
2 Vincent Desharnais Dennis Gilbert 40 1 2 2
Penalty Kill 4 Players Forward
Center Wing Time % Phy DF OF
1 Yakov Trenin Cole Sillinger 60 1 2 2
2 Bobby Brink Cole Perfetti 40 1 2 2
Penalty Kill 4 Players Defense
Defense Defense Time % Phy DF OF
1 Michael Anderson Ryan Merkley 60 1 2 2
2 Vincent Desharnais Dennis Gilbert 40 1 2 2
Penalty Kill - 3 Players Forward
Forward Time % Phy DF OF
1 Yakov Trenin 60 1 2 2
2 Cole Sillinger 40 1 2 2
Penalty Kill - 3 Players Defense
Defense Defense Time % Phy DF OF
1 Michael Anderson Ryan Merkley 60 1 2 2
2 Vincent Desharnais Dennis Gilbert 40 1 2 2
4 vs 4 Forward
Center Wing Time % Phy DF OF
1 Yakov Trenin Cole Sillinger 60 1 2 2
2 Bobby Brink Cole Perfetti 40 1 2 2
4 vs 4 Defense
Defense Defense Time % Phy DF OF
1 Michael Anderson Ryan Merkley 60 1 2 2
2 Vincent Desharnais Dennis Gilbert 40 1 2 2
Last Minutes Offensive
Center Left Wing Right Wing Defense Defense
Yakov Trenin Cole Perfetti Bobby Brink Michael Anderson Ryan Merkley
Last Minutes Defensive
Center Left Wing Right Wing Defense Defense
Yakov Trenin Cole Perfetti Bobby Brink Michael Anderson Ryan Merkley
Goaltenders
Starting : Pheonix Copley
Backup : Dustin Wolf
Extra Forwards
Normal : Filip Chlapik, Benoit-Olivier Groulx, Jacob Peterson - PP : Filip Chlapik, Benoit-Olivier Groulx - PK : Jacob Peterson
Extra Defensemen
Normal : Daniil Miromanov, Wyatt Newpower, Vincent Desharnais - PP : Daniil Miromanov - PK : Wyatt Newpower, Vincent Desharnais
Penalty Shots
Yakov Trenin, Cole Sillinger, Bobby Brink, Cole Perfetti, Benoit-Olivier Groulx
Edmonton Oil Kings
5 vs 5 Forward
Center Left Wing Right Wing Time % Phy DF OF
1 Ryan McLeod Filip Zadina Dawson Mercer 40 0 2 3
2 Dylan Holloway Noah Gregor Dillon Dube 30 0 2 3
3 Tyler Angle Morgan Barron Joey Anderson 20 0 2 3
4 Nikita Alexandrov Connor McMichael Julien Gauthier 10 0 2 3
5 vs 5 Defense
Defense Defense Time % Phy DF OF
1 Dysin Mayo Jack Johnson 40 1 3 1
2 Brett Kulak Gabriel Carlsson 40 1 4 0
3 Libor Hajek Josh Mahura 20 1 3 1
4 Dysin Mayo Jack Johnson 0 1 2 2
PowerPlay Forward
Center Left Wing Right Wing Time % Phy DF OF
1 Dawson Mercer Noah Gregor Dillon Dube 60 0 0 5
2 Ryan McLeod Filip Zadina Joey Anderson 40 0 1 4
PowerPlay Defense
Defense Defense Time % Phy DF OF
1 Dysin Mayo Josh Mahura 60 0 1 4
2 Brett Kulak Gabriel Carlsson 40 0 1 4
Penalty Kill 4 Players Forward
Center Wing Time % Phy DF OF
1 Ryan McLeod Noah Gregor 60 1 4 0
2 Dawson Mercer Dillon Dube 40 1 4 0
Penalty Kill 4 Players Defense
Defense Defense Time % Phy DF OF
1 Dysin Mayo Jack Johnson 60 1 4 0
2 Brett Kulak Libor Hajek 40 1 4 0
Penalty Kill - 3 Players Forward
Forward Time % Phy DF OF
1 Ryan McLeod 60 1 4 0
2 Noah Gregor 40 1 4 0
Penalty Kill - 3 Players Defense
Defense Defense Time % Phy DF OF
1 Dysin Mayo Jack Johnson 60 1 4 0
2 Brett Kulak Libor Hajek 40 1 4 0
4 vs 4 Forward
Center Wing Time % Phy DF OF
1 Ryan McLeod Dillon Dube 60 0 2 3
2 Dawson Mercer Noah Gregor 40 0 2 3
4 vs 4 Defense
Defense Defense Time % Phy DF OF
1 Dysin Mayo Jack Johnson 60 0 3 2
2 Brett Kulak Josh Mahura 40 0 2 3
Last Minutes Offensive
Center Left Wing Right Wing Defense Defense
Ryan McLeod Dillon Dube Dawson Mercer Dysin Mayo Jack Johnson
Last Minutes Defensive
Center Left Wing Right Wing Defense Defense
Ryan McLeod Noah Gregor Dillon Dube Dysin Mayo Jack Johnson
Goaltenders
Starting : Adam Huska
Backup : Karel Vejmelka
Extra Forwards
Normal : Nikita Alexandrov, Connor McMichael, Julien Gauthier - PP : Nikita Alexandrov, Connor McMichael - PK : Julien Gauthier
Extra Defensemen
Normal : Libor Hajek, Josh Mahura, Brett Kulak - PP : Libor Hajek - PK : Josh Mahura, Brett Kulak
Penalty Shots
Dawson Mercer, Dillon Dube, Noah Gregor, Filip Zadina, Ryan McLeod
% Time on Ice - Abbotsford Heat
Lines # - Real PCT - Wanted PCT - Time Play
Normal Forward
1 - 36% - 40% - 17:43
2 - 30% - 30% - 14:34
3 - 23% - 20% - 11:33
4 - 11% - 10% - 5:23
Normal Defense
1 - 38% - 40% - 18:52
2 - 31% - 30% - 15:16
3 - 25% - 20% - 12:14
4 - 6% - 10% - 2:51
PP Forward
1 - 50% - 60% - 1:17
2 - 50% - 40% - 1:17
PP Defense
1 - 80% - 60% - 2:03
2 - 20% - 40% - 0:31
PK Forward
1 - 74% - 60% - 4:56
2 - 26% - 40% - 1:44
PK Defense
1 - 65% - 60% - 4:18
2 - 36% - 40% - 2:22
PK3 Forward
1 - 0% - 60%
2 - 0% - 40%
PK3 Defense
1 - 0% - 60%
2 - 0% - 40%
44 Forward
1 - 100% - 60% - 1:33
2 - 0% - 40% - 0:00
44 Defense
1 - 46% - 60% - 0:43
2 - 54% - 40% - 0:50
Last Minute Offensive - 0:00
Last Minute Defensive - 0:00
Total
Forward - 60:00
Defense - 60:00
|
% Time on Ice - Edmonton Oil Kings
Lines # - Real PCT - Wanted PCT - Time Play
Normal Forward
1 - 36% - 40% - 17:31
2 - 28% - 30% - 13:38
3 - 20% - 20% - 9:58
4 - 16% - 10% - 8:06
Normal Defense
1 - 40% - 40% - 19:54
2 - 40% - 40% - 19:40
3 - 20% - 20% - 9:39
4 - 0% - 0% - 0:00
PP Forward
1 - 56% - 60% - 3:42
2 - 45% - 40% - 2:58
PP Defense
1 - 57% - 60% - 3:47
2 - 43% - 40% - 2:53
PK Forward
1 - 87% - 60% - 2:14
2 - 13% - 40% - 0:20
PK Defense
1 - 79% - 60% - 2:01
2 - 21% - 40% - 0:33
PK3 Forward
1 - 0% - 60%
2 - 0% - 40%
PK3 Defense
1 - 0% - 60%
2 - 0% - 40%
44 Forward
1 - 71% - 60% - 1:06
2 - 29% - 40% - 0:27
44 Defense
1 - 53% - 60% - 0:49
2 - 47% - 40% - 0:44
Last Minute Offensive - 0:00
Last Minute Defensive - 0:00
Total
Forward - 60:00
Defense - 60:00
|
Play-by-Play
1st period
0:01 of 1st period - Ryan McLeod wins face-off versus Yakov Trenin in neutral zone.
0:07 of 1st period - Off-side.
0:08 of 1st period - Yakov Trenin wins face-off versus Ryan McLeod in neutral zone.
0:59 of 1st period - Snap shot by Connor McMichael.
0:59 of 1st period - Shot Misses the Net.
1:01 of 1st period - Slapshot by Nikita Alexandrov.
1:01 of 1st period - Shot Misses the Net.
1:13 of 1st period - Wrist shot by Cole Sillinger.
1:13 of 1st period - Shot Misses the Net.
3:05 of 1st period - Brett Kulak is hit by Dennis Gilbert and loses puck.
3:12 of 1st period - Alex Limoges is hit by Brett Kulak and loses puck.
4:52 of 1st period - Joey Anderson is hit by Yakov Trenin.
5:08 of 1st period - Wrist shot by Filip Zadina.
5:08 of 1st period - Shot Misses the Net.
5:10 of 1st period - Slapshot by Brett Kulak.
5:10 of 1st period - Shot Blocked by Benoit-Olivier Groulx.
5:12 of 1st period - Wrist shot by Libor Hajek.
5:12 of 1st period - Stopped by Pheonix Copley with a rebound.
5:30 of 1st period - Cole Sillinger is hit by Connor McMichael and loses puck.
5:35 of 1st period - Wrist shot by Connor McMichael.
5:35 of 1st period - Shot Blocked by Cole Sillinger.
5:37 of 1st period - Wrist shot by Julien Gauthier.
5:37 of 1st period - Stopped by Pheonix Copley with a rebound.
5:39 of 1st period - Slapshot by Connor McMichael.
5:39 of 1st period - Stopped by Pheonix Copley with a rebound.
5:41 of 1st period - Snap shot by Brett Kulak.
5:41 of 1st period - Stopped by Pheonix Copley with a rebound.
6:16 of 1st period - Morgan Barron is hit by Dennis Gilbert and loses puck.
6:21 of 1st period - Snap shot by Bobby Brink.
6:21 of 1st period - Stopped by Adam Huska with a rebound.
7:04 of 1st period - Backhand shot by Connor McMichael.
7:04 of 1st period - Stopped by Pheonix Copley with a rebound.
7:18 of 1st period - Alex Limoges is hit by Josh Mahura and loses puck.
8:14 of 1st period - Jack Johnson is hit by Michael Anderson.
8:52 of 1st period - Gabriel Carlsson is hit by Cole Sillinger and loses puck.
9:03 of 1st period - Joey Anderson is hit by Mathias Laferriere and loses puck.
10:00 of 1st period - Icing by Noah Gregor.
10:01 of 1st period - Benoit-Olivier Groulx wins face-off versus Dylan Holloway in Edmonton Oil Kings zone.
10:27 of 1st period - Yakov Trenin is hit by Filip Zadina and loses puck.
12:00 of 1st period - Slapshot by Jacob Peterson.
12:00 of 1st period - Shot Blocked by Dylan Holloway.
12:22 of 1st period - Minor Penalty to Rafael Harvey-Pinard for Roughing.
12:23 of 1st period - Dawson Mercer wins face-off versus Yakov Trenin in Abbotsford Heat zone.
13:59 of 1st period - Icing by Josh Mahura.
14:00 of 1st period - Dawson Mercer wins face-off versus Filip Chlapik in Edmonton Oil Kings zone.
14:22 of 1st period - Penalty to Rafael Harvey-Pinard is over, Rafael Harvey-Pinard is back on ice.
14:37 of 1st period - Ryan Merkley is hit by Julien Gauthier and loses puck.
14:45 of 1st period - Snap shot by Yakov Trenin.
14:45 of 1st period - Shot Blocked by Nikita Alexandrov.
14:47 of 1st period - Snap shot by Rafael Harvey-Pinard.
14:47 of 1st period - Shot Blocked by Brett Kulak.
14:49 of 1st period - Wrist shot by Cole Sillinger.
14:49 of 1st period - Stopped by Adam Huska without a rebound.
14:50 of 1st period - Benoit-Olivier Groulx wins face-off versus Dylan Holloway in Edmonton Oil Kings zone.
14:55 of 1st period - Snap shot by Benoit-Olivier Groulx.
14:55 of 1st period - Goal by Benoit-Olivier Groulx - Abbotsford Heat : 1 - Edmonton Oil Kings : 0.
14:56 of 1st period - Ryan McLeod wins face-off versus Yakov Trenin in neutral zone.
15:30 of 1st period - Wrist shot by Noah Gregor.
15:30 of 1st period - Shot Misses the Net.
15:51 of 1st period - Tyler Angle beats up Alex Limoges.
15:51 of 1st period - Penalty to Tyler Angle for Fighting.
15:51 of 1st period - Penalty to Alex Limoges for Fighting.
15:51 of 1st period - Penalty to Alex Limoges for instigated a fight.
15:51 of 1st period - Penalty to Alex Limoges for instigated a fight.
15:52 of 1st period - Dawson Mercer wins face-off versus Yakov Trenin in Edmonton Oil Kings zone.
15:52 of 1st period - Dawson Mercer is hit by Cole Sillinger.
16:04 of 1st period - Snap shot by Dillon Dube.
16:04 of 1st period - Shot Misses the Net.
16:06 of 1st period - Snap shot by Dysin Mayo.
16:06 of 1st period - Stopped by Pheonix Copley with a rebound.
16:08 of 1st period - Slapshot by Josh Mahura.
16:08 of 1st period - Stopped by Pheonix Copley with a rebound.
17:03 of 1st period - Icing by Dawson Mercer.
17:04 of 1st period - Bobby Brink wins face-off versus Dawson Mercer in Edmonton Oil Kings zone.
17:05 of 1st period - Wrist shot by Cole Perfetti.
17:05 of 1st period - Goal by Cole Perfetti - Abbotsford Heat : 2 - Edmonton Oil Kings : 0.
17:06 of 1st period - Dawson Mercer wins face-off versus Yakov Trenin in neutral zone.
17:17 of 1st period - Snap shot by Cole Sillinger.
17:17 of 1st period - Shot Blocked by Dawson Mercer.
17:51 of 1st period - Penalty to Alex Limoges is over, Jacob Peterson is send on ice.
18:02 of 1st period - Slapshot by Connor McMichael.
18:02 of 1st period - Shot Hit the Post.
18:18 of 1st period - Cole Sillinger is hit by Jack Johnson and loses puck.
18:27 of 1st period - Jack Johnson is hit by Vincent Desharnais and loses puck.
18:52 of 1st period - Wrist shot by Mathias Laferriere.
18:52 of 1st period - Stopped by Adam Huska with a rebound.
18:58 of 1st period - Snap shot by Benoit-Olivier Groulx.
18:58 of 1st period - Shot Misses the Net.
19:00 of 1st period - Wrist shot by Mathias Laferriere.
19:00 of 1st period - Stopped by Adam Huska without a rebound.
19:01 of 1st period - Dawson Mercer wins face-off versus Benoit-Olivier Groulx in Edmonton Oil Kings zone.
19:01 of 1st period - Dawson Mercer is hit by Mathias Laferriere.
19:16 of 1st period - Minor Penalty to Brett Kulak for Diving.
19:17 of 1st period - Ryan McLeod wins face-off versus Yakov Trenin in Edmonton Oil Kings zone.
19:39 of 1st period - Ryan McLeod is hit by Rafael Harvey-Pinard and loses puck.
Goals for this period are 2 for Abbotsford Heat vs 0 for Edmonton Oil Kings.
Shots for this period are 6 for Abbotsford Heat vs 7 for Edmonton Oil Kings.
2nd period
0:01 of 2nd period - Yakov Trenin wins face-off versus Ryan McLeod in neutral zone.
0:28 of 2nd period - Slapshot by Cole Sillinger.
0:28 of 2nd period - Stopped by Adam Huska without a rebound.
0:29 of 2nd period - Ryan McLeod wins face-off versus Cole Sillinger in Edmonton Oil Kings zone.
0:46 of 2nd period - Wrist shot by Yakov Trenin.
0:46 of 2nd period - Shot Blocked by Josh Mahura.
0:48 of 2nd period - Snap shot by Bobby Brink.
0:48 of 2nd period - Stopped by Adam Huska with a rebound.
0:50 of 2nd period - Slapshot by Dennis Gilbert.
0:50 of 2nd period - Deflect By Dawson Mercer.
0:50 of 2nd period - Stopped by Adam Huska with a rebound.
0:51 of 2nd period - Penalty to Tyler Angle is over, Tyler Angle is back on ice.
1:10 of 2nd period - Jack Johnson is hit by Cole Sillinger and loses puck.
1:16 of 2nd period - Penalty to Brett Kulak is over, Brett Kulak is back on ice.
1:21 of 2nd period - Snap shot by Tyler Angle.
1:21 of 2nd period - Stopped by Pheonix Copley with a rebound.
1:25 of 2nd period - Snap shot by Morgan Barron.
1:25 of 2nd period - Shot Blocked by Ryan Merkley.
1:31 of 2nd period - Slapshot by Joey Anderson.
1:31 of 2nd period - Stopped by Pheonix Copley with a rebound.
1:45 of 2nd period - Wrist shot by Julien Gauthier.
1:45 of 2nd period - Goal by Julien Gauthier - Abbotsford Heat : 2 - Edmonton Oil Kings : 1.
1:46 of 2nd period - Ryan McLeod wins face-off versus Yakov Trenin in neutral zone.
1:49 of 2nd period - Wrist shot by Filip Zadina.
1:49 of 2nd period - Stopped by Pheonix Copley without a rebound.
1:50 of 2nd period - Ryan McLeod wins face-off versus Yakov Trenin in Abbotsford Heat zone.
2:26 of 2nd period - Wrist shot by Dillon Dube.
2:26 of 2nd period - Stopped by Pheonix Copley with a rebound.
2:40 of 2nd period - Wrist shot by Morgan Barron.
2:40 of 2nd period - Deflect By Tyler Angle.
2:40 of 2nd period - Shot Misses the Net.
2:40 of 2nd period - Puck is out of play.
2:41 of 2nd period - Tyler Angle wins face-off versus Benoit-Olivier Groulx in Abbotsford Heat zone.
2:48 of 2nd period - Snap shot by Joey Anderson.
2:48 of 2nd period - Stopped by Pheonix Copley without a rebound.
2:49 of 2nd period - Ryan McLeod wins face-off versus Yakov Trenin in Abbotsford Heat zone.
3:00 of 2nd period - Wrist shot by Dawson Mercer.
3:00 of 2nd period - Deflect By Filip Zadina.
3:00 of 2nd period - Shot Misses the Net.
3:00 of 2nd period - Puck is out of play.
3:01 of 2nd period - Ryan McLeod wins face-off versus Yakov Trenin in Abbotsford Heat zone.
3:02 of 2nd period - Wrist shot by Dawson Mercer.
3:02 of 2nd period - Stopped by Pheonix Copley with a rebound.
3:04 of 2nd period - Slapshot by Dysin Mayo.
3:04 of 2nd period - Shot Blocked by Michael Anderson.
3:06 of 2nd period - Snap shot by Filip Zadina.
3:06 of 2nd period - Stopped by Pheonix Copley with a rebound.
3:08 of 2nd period - Wrist shot by Filip Zadina.
3:08 of 2nd period - Stopped by Pheonix Copley without a rebound.
3:09 of 2nd period - Yakov Trenin wins face-off versus Dawson Mercer in Abbotsford Heat zone.
3:53 of 2nd period - Off-side.
3:54 of 2nd period - Benoit-Olivier Groulx wins face-off versus Tyler Angle in neutral zone.
4:08 of 2nd period - Snap shot by Benoit-Olivier Groulx.
4:08 of 2nd period - Stopped by Adam Huska with a rebound.
4:10 of 2nd period - Wrist shot by Benoit-Olivier Groulx.
4:10 of 2nd period - Shot Blocked by Brett Kulak.
4:28 of 2nd period - Dennis Gilbert is hit by Brett Kulak and loses puck.
4:35 of 2nd period - Slapshot by Joey Anderson.
4:35 of 2nd period - Shot Blocked by Rafael Harvey-Pinard.
4:37 of 2nd period - Slapshot by Joey Anderson.
4:37 of 2nd period - Shot Misses the Net.
4:39 of 2nd period - Slapshot by Gabriel Carlsson.
4:39 of 2nd period - Shot Blocked by Dennis Gilbert.
4:41 of 2nd period - Backhand shot by Morgan Barron.
4:41 of 2nd period - Deflect By Joey Anderson.
4:41 of 2nd period - Shot Misses the Net.
4:41 of 2nd period - Puck is out of play.
4:42 of 2nd period - Ryan McLeod wins face-off versus Yakov Trenin in Abbotsford Heat zone.
4:45 of 2nd period - Slapshot by Filip Zadina.
4:45 of 2nd period - Stopped by Pheonix Copley without a rebound.
4:46 of 2nd period - Bobby Brink wins face-off versus Ryan McLeod in Abbotsford Heat zone.
5:14 of 2nd period - Off-side.
5:15 of 2nd period - Cole Sillinger wins face-off versus Noah Gregor in neutral zone.
5:18 of 2nd period - Snap shot by Lane Pederson.
5:18 of 2nd period - Stopped by Adam Huska with a rebound.
5:36 of 2nd period - Snap shot by Cole Sillinger.
5:36 of 2nd period - Stopped by Adam Huska with a rebound.
5:48 of 2nd period - Slapshot by Cole Sillinger.
5:48 of 2nd period - Stopped by Adam Huska with a rebound.
6:06 of 2nd period - Snap shot by Dillon Dube.
6:06 of 2nd period - Stopped by Pheonix Copley without a rebound.
6:07 of 2nd period - Ryan McLeod wins face-off versus Cole Perfetti in Abbotsford Heat zone.
6:32 of 2nd period - Benoit-Olivier Groulx is hit by Nikita Alexandrov.
6:38 of 2nd period - Wrist shot by Connor McMichael.
6:38 of 2nd period - Stopped by Pheonix Copley with a rebound.
6:40 of 2nd period - Snap shot by Jack Johnson.
6:40 of 2nd period - Stopped by Pheonix Copley with a rebound.
6:42 of 2nd period - Wrist shot by Nikita Alexandrov.
6:42 of 2nd period - Shot Blocked by Mathias Laferriere.
6:44 of 2nd period - Snap shot by Dysin Mayo.
6:44 of 2nd period - Shot Blocked by Wyatt Newpower.
8:08 of 2nd period - Minor Penalty to Julien Gauthier for Hooking.
8:09 of 2nd period - Yakov Trenin wins face-off versus Ryan McLeod in Edmonton Oil Kings zone.
8:34 of 2nd period - Minor Penalty to Cole Sillinger for Hooking.
8:35 of 2nd period - Ryan McLeod wins face-off versus Yakov Trenin in Abbotsford Heat zone.
8:50 of 2nd period - Slapshot by Dillon Dube.
8:50 of 2nd period - Deflect By Ryan McLeod.
8:50 of 2nd period - Stopped by Pheonix Copley with a rebound.
9:38 of 2nd period - Slapshot by Brett Kulak.
9:38 of 2nd period - Shot Blocked by Vincent Desharnais.
10:08 of 2nd period - Penalty to Julien Gauthier is over, Julien Gauthier is back on ice.
10:34 of 2nd period - Penalty to Cole Sillinger is over, Cole Sillinger is back on ice.
10:51 of 2nd period - 10 Minutes Misconduct Penalty to Alex Limoges is over.
11:57 of 2nd period - Josh Mahura is hit by Lane Pederson and loses puck.
12:57 of 2nd period - Rafael Harvey-Pinard is hit by Dysin Mayo and loses puck.
13:37 of 2nd period - Icing by Lane Pederson.
13:38 of 2nd period - Dylan Holloway wins face-off versus Cole Sillinger in Abbotsford Heat zone.
13:45 of 2nd period - Slapshot by Dylan Holloway.
13:45 of 2nd period - Stopped by Pheonix Copley without a rebound.
13:46 of 2nd period - Ryan McLeod wins face-off versus Yakov Trenin in Abbotsford Heat zone.
13:49 of 2nd period - Wrist shot by Filip Zadina.
13:49 of 2nd period - Shot Blocked by Cole Perfetti.
13:57 of 2nd period - Snap shot by Bobby Brink.
13:57 of 2nd period - Shot Misses the Net.
13:59 of 2nd period - Snap shot by Ryan Merkley.
13:59 of 2nd period - Stopped by Adam Huska with a rebound.
14:01 of 2nd period - Slapshot by Michael Anderson.
14:01 of 2nd period - Shot Blocked by Jack Johnson.
14:13 of 2nd period - Snap shot by Noah Gregor.
14:13 of 2nd period - Shot Misses the Net.
14:27 of 2nd period - Icing by Dylan Holloway.
14:28 of 2nd period - Dylan Holloway wins face-off versus Yakov Trenin in Edmonton Oil Kings zone.
14:58 of 2nd period - Off-side.
14:59 of 2nd period - Yakov Trenin wins face-off versus Ryan McLeod in neutral zone.
15:10 of 2nd period - Michael Anderson is hit by Filip Zadina and loses puck.
15:25 of 2nd period - Morgan Barron is hit by Rafael Harvey-Pinard and loses puck.
15:33 of 2nd period - Minor Penalty to Ryan Merkley for Tripping.
15:34 of 2nd period - Dawson Mercer wins face-off versus Yakov Trenin in Abbotsford Heat zone.
15:34 of 2nd period - Wrist shot by Dillon Dube.
15:34 of 2nd period - Goal by Dillon Dube - Abbotsford Heat : 2 - Edmonton Oil Kings : 2.
15:35 of 2nd period - Ryan McLeod wins face-off versus Yakov Trenin in neutral zone.
15:38 of 2nd period - Snap shot by Dawson Mercer.
15:38 of 2nd period - Shot Blocked by Ryan Merkley.
15:48 of 2nd period - Snap shot by Ryan McLeod.
15:48 of 2nd period - Stopped by Pheonix Copley with a rebound.
15:50 of 2nd period - Snap shot by Gabriel Carlsson.
15:50 of 2nd period - Deflect By Filip Zadina.
15:50 of 2nd period - Shot Blocked by Bobby Brink.
15:50 of 2nd period - Puck is out of play.
15:51 of 2nd period - Dylan Holloway wins face-off versus Cole Sillinger in Abbotsford Heat zone.
16:18 of 2nd period - Cole Perfetti is hit by Gabriel Carlsson and loses puck.
16:27 of 2nd period - Slapshot by Ryan Merkley.
16:27 of 2nd period - Deflect By Cole Perfetti.
16:27 of 2nd period - Shot Misses the Net.
16:27 of 2nd period - Puck is out of play.
16:28 of 2nd period - Yakov Trenin wins face-off versus Ryan McLeod in Edmonton Oil Kings zone.
16:31 of 2nd period - Wrist shot by Bobby Brink.
16:31 of 2nd period - Stopped by Adam Huska with a rebound.
16:33 of 2nd period - Snap shot by Yakov Trenin.
16:33 of 2nd period - Shot Blocked by Dysin Mayo.
16:35 of 2nd period - Slapshot by Yakov Trenin.
16:35 of 2nd period - Stopped by Adam Huska with a rebound.
16:37 of 2nd period - Slapshot by Dennis Gilbert.
16:37 of 2nd period - Deflect By Bobby Brink.
16:37 of 2nd period - Stopped by Adam Huska without a rebound.
16:38 of 2nd period - Ryan McLeod wins face-off versus Yakov Trenin in Edmonton Oil Kings zone.
17:11 of 2nd period - Slapshot by Bobby Brink.
17:11 of 2nd period - Shot Misses the Net.
17:23 of 2nd period - Wrist shot by Bobby Brink.
17:23 of 2nd period - Stopped by Adam Huska without a rebound.
17:24 of 2nd period - Noah Gregor wins face-off versus Cole Sillinger in Edmonton Oil Kings zone.
17:26 of 2nd period - Minor Penalty to Dylan Holloway for Hooking.
17:27 of 2nd period - Ryan McLeod wins face-off versus Cole Sillinger in Edmonton Oil Kings zone.
17:33 of 2nd period - Wrist shot by Cole Sillinger.
17:33 of 2nd period - Stopped by Adam Huska with a rebound.
17:35 of 2nd period - Slapshot by Cole Sillinger.
17:35 of 2nd period - Goal by Cole Sillinger - Abbotsford Heat : 3 - Edmonton Oil Kings : 2.
17:36 of 2nd period - Filip Zadina wins face-off versus Yakov Trenin in neutral zone.
18:03 of 2nd period - Dillon Dube is hit by Rafael Harvey-Pinard and loses puck.
18:12 of 2nd period - Wrist shot by Cole Sillinger.
18:12 of 2nd period - Deflect By Rafael Harvey-Pinard.
18:12 of 2nd period - Shot Misses the Net.
18:12 of 2nd period - Puck is out of play.
18:13 of 2nd period - Cole Sillinger wins face-off versus Ryan McLeod in Edmonton Oil Kings zone.
18:25 of 2nd period - Off-side.
18:26 of 2nd period - Ryan McLeod wins face-off versus Yakov Trenin in neutral zone.
18:33 of 2nd period - Snap shot by Ryan McLeod.
18:33 of 2nd period - Stopped by Pheonix Copley with a rebound.
18:51 of 2nd period - Brett Kulak is hit by Cole Sillinger and loses puck.
19:10 of 2nd period - Snap shot by Alex Limoges.
19:10 of 2nd period - Stopped by Adam Huska without a rebound.
19:11 of 2nd period - Alex Limoges wins face-off versus Tyler Angle in Edmonton Oil Kings zone.
19:20 of 2nd period - Wrist shot by Benoit-Olivier Groulx.
19:20 of 2nd period - Shot Blocked by Dysin Mayo.
19:22 of 2nd period - Wrist shot by Mathias Laferriere.
19:22 of 2nd period - Stopped by Adam Huska without a rebound.
19:23 of 2nd period - Ryan McLeod wins face-off versus Yakov Trenin in Edmonton Oil Kings zone.
19:34 of 2nd period - Wrist shot by Dawson Mercer.
19:34 of 2nd period - Stopped by Pheonix Copley with a rebound.
Goals for this period are 1 for Abbotsford Heat vs 2 for Edmonton Oil Kings.
Shots for this period are 16 for Abbotsford Heat vs 19 for Edmonton Oil Kings.
3rd period
0:01 of 3rd period - Yakov Trenin wins face-off versus Ryan McLeod in neutral zone.
0:14 of 3rd period - Bobby Brink is hit by Brett Kulak and loses puck.
0:30 of 3rd period - Snap shot by Dylan Holloway.
0:30 of 3rd period - Shot Misses the Net.
0:32 of 3rd period - Snap shot by Dysin Mayo.
0:32 of 3rd period - Deflect By Noah Gregor.
0:32 of 3rd period - Shot Misses the Net.
0:32 of 3rd period - Puck is out of play.
0:33 of 3rd period - Cole Sillinger wins face-off versus Ryan McLeod in Abbotsford Heat zone.
0:33 of 3rd period - Cole Sillinger is hit by Jack Johnson.
0:43 of 3rd period - Backhand shot by Cole Sillinger.
0:43 of 3rd period - Stopped by Adam Huska without a rebound.
0:44 of 3rd period - Yakov Trenin wins face-off versus Ryan McLeod in Edmonton Oil Kings zone.
1:09 of 3rd period - Dysin Mayo is hit by Lane Pederson and loses puck.
2:10 of 3rd period - Rafael Harvey-Pinard is hit by Ryan McLeod and loses puck.
2:15 of 3rd period - Wrist shot by Filip Zadina.
2:15 of 3rd period - Stopped by Pheonix Copley with a rebound.
2:17 of 3rd period - Slapshot by Josh Mahura.
2:17 of 3rd period - Deflect By Cole Sillinger.
2:17 of 3rd period - Stopped by Pheonix Copley without a rebound.
2:18 of 3rd period - Benoit-Olivier Groulx wins face-off versus Ryan McLeod in Abbotsford Heat zone.
2:54 of 3rd period - Snap shot by Morgan Barron.
2:54 of 3rd period - Stopped by Pheonix Copley with a rebound.
3:08 of 3rd period - Slapshot by Bobby Brink.
3:08 of 3rd period - Shot Misses the Net.
3:10 of 3rd period - Snap shot by Cole Perfetti.
3:10 of 3rd period - Shot Misses the Net.
3:12 of 3rd period - Slapshot by Ryan Merkley.
3:12 of 3rd period - Shot Blocked by Gabriel Carlsson.
4:12 of 3rd period - Lane Pederson is hit by Jack Johnson and loses puck.
4:29 of 3rd period - Slapshot by Cole Perfetti.
4:29 of 3rd period - Stopped by Adam Huska with a rebound.
4:40 of 3rd period - Off-side.
4:41 of 3rd period - Nikita Alexandrov wins face-off versus Benoit-Olivier Groulx in neutral zone.
4:50 of 3rd period - Wrist shot by Julien Gauthier.
4:50 of 3rd period - Stopped by Pheonix Copley with a rebound.
5:30 of 3rd period - Off-side.
5:31 of 3rd period - Ryan McLeod wins face-off versus Benoit-Olivier Groulx in neutral zone.
5:40 of 3rd period - Snap shot by Dawson Mercer.
5:40 of 3rd period - Deflect By Benoit-Olivier Groulx.
5:40 of 3rd period - Goal by Dawson Mercer - Abbotsford Heat : 3 - Edmonton Oil Kings : 3.
5:41 of 3rd period - Ryan McLeod wins face-off versus Yakov Trenin in neutral zone.
6:14 of 3rd period - Wrist shot by Rafael Harvey-Pinard.
6:14 of 3rd period - Shot Misses the Net.
6:16 of 3rd period - Slapshot by Michael Anderson.
6:16 of 3rd period - Stopped by Adam Huska without a rebound.
6:17 of 3rd period - Benoit-Olivier Groulx wins face-off versus Dylan Holloway in Edmonton Oil Kings zone.
6:44 of 3rd period - Dennis Gilbert is hit by Brett Kulak and loses puck.
6:51 of 3rd period - Wrist shot by Cole Perfetti.
6:51 of 3rd period - Shot Misses the Net.
7:07 of 3rd period - Wrist shot by Cole Sillinger.
7:07 of 3rd period - Stopped by Adam Huska without a rebound.
7:08 of 3rd period - Tyler Angle wins face-off versus Cole Sillinger in Edmonton Oil Kings zone.
7:08 of 3rd period - Tyler Angle is hit by Ryan Merkley.
7:14 of 3rd period - Wrist shot by Joey Anderson.
7:14 of 3rd period - Shot Misses the Net.
7:40 of 3rd period - Snap shot by Joey Anderson.
7:40 of 3rd period - Shot Hit the Post.
7:42 of 3rd period - Snap shot by Tyler Angle.
7:42 of 3rd period - Stopped by Pheonix Copley with a rebound.
7:44 of 3rd period - Snap shot by Jack Johnson.
7:44 of 3rd period - Shot Blocked by Lane Pederson.
7:46 of 3rd period - Slapshot by Morgan Barron.
7:46 of 3rd period - Shot Misses the Net.
7:48 of 3rd period - Wrist shot by Dysin Mayo.
7:48 of 3rd period - Stopped by Pheonix Copley with a rebound.
7:50 of 3rd period - Snap shot by Dysin Mayo.
7:50 of 3rd period - Stopped by Pheonix Copley with a rebound.
7:52 of 3rd period - Slapshot by Tyler Angle.
7:52 of 3rd period - Shot Misses the Net.
7:54 of 3rd period - Snap shot by Joey Anderson.
7:54 of 3rd period - Stopped by Pheonix Copley with a rebound.
7:58 of 3rd period - Wrist shot by Tyler Angle.
7:58 of 3rd period - Stopped by Pheonix Copley without a rebound.
7:59 of 3rd period - Yakov Trenin wins face-off versus Ryan McLeod in Abbotsford Heat zone.
9:34 of 3rd period - Off-side.
9:35 of 3rd period - Tyler Angle wins face-off versus Jacob Peterson in neutral zone.
10:24 of 3rd period - Slapshot by Noah Gregor.
10:24 of 3rd period - Shot Misses the Net.
10:26 of 3rd period - Slapshot by Jack Johnson.
10:26 of 3rd period - Stopped by Pheonix Copley without a rebound.
10:27 of 3rd period - Ryan McLeod wins face-off versus Lane Pederson in Abbotsford Heat zone.
10:30 of 3rd period - Slapshot by Dawson Mercer.
10:30 of 3rd period - Stopped by Pheonix Copley with a rebound.
10:32 of 3rd period - Slapshot by Dawson Mercer.
10:32 of 3rd period - Stopped by Pheonix Copley with a rebound.
10:34 of 3rd period - Slapshot by Jack Johnson.
10:34 of 3rd period - Stopped by Pheonix Copley with a rebound.
10:38 of 3rd period - Snap shot by Dawson Mercer.
10:38 of 3rd period - Goal by Dawson Mercer - Abbotsford Heat : 3 - Edmonton Oil Kings : 4.
10:39 of 3rd period - Bobby Brink wins face-off versus Ryan McLeod in neutral zone.
10:46 of 3rd period - Ryan McLeod is hit by Yakov Trenin and loses puck.
10:53 of 3rd period - Wrist shot by Cole Perfetti.
10:53 of 3rd period - Shot Misses the Net.
11:32 of 3rd period - Vincent Desharnais is hit by Dysin Mayo and loses puck.
11:51 of 3rd period - Wrist shot by Julien Gauthier.
11:51 of 3rd period - Stopped by Pheonix Copley with a rebound.
11:53 of 3rd period - Slapshot by Julien Gauthier.
11:53 of 3rd period - Goal by Julien Gauthier - Abbotsford Heat : 3 - Edmonton Oil Kings : 5.
11:54 of 3rd period - Yakov Trenin wins face-off versus Ryan McLeod in neutral zone.
12:49 of 3rd period - Slapshot by Ryan Merkley.
12:49 of 3rd period - Shot Misses the Net.
12:56 of 3rd period - Minor Penalty to Michael Anderson for Interference.
12:57 of 3rd period - Dawson Mercer wins face-off versus Yakov Trenin in Abbotsford Heat zone.
13:10 of 3rd period - Wrist shot by Dawson Mercer.
13:10 of 3rd period - Stopped by Pheonix Copley with a rebound.
13:12 of 3rd period - Slapshot by Josh Mahura.
13:12 of 3rd period - Deflect By Noah Gregor.
13:12 of 3rd period - Goal by Noah Gregor - Abbotsford Heat : 3 - Edmonton Oil Kings : 6.
13:13 of 3rd period - Yakov Trenin wins face-off versus Ryan McLeod in neutral zone.
13:16 of 3rd period - Snap shot by Cole Perfetti.
13:16 of 3rd period - Goal by Cole Perfetti - Abbotsford Heat : 4 - Edmonton Oil Kings : 6.
13:17 of 3rd period - Yakov Trenin wins face-off versus Ryan McLeod in neutral zone.
13:49 of 3rd period - Rafael Harvey-Pinard is hit by Dillon Dube and loses puck.
14:23 of 3rd period - Off-side.
14:24 of 3rd period - Nikita Alexandrov wins face-off versus Jacob Peterson in neutral zone.
15:01 of 3rd period - Wrist shot by Nikita Alexandrov.
15:01 of 3rd period - Shot Blocked by Jacob Peterson.
15:05 of 3rd period - Wrist shot by Nikita Alexandrov.
15:05 of 3rd period - Stopped by Pheonix Copley without a rebound.
15:06 of 3rd period - Ryan McLeod wins face-off versus Benoit-Olivier Groulx in Abbotsford Heat zone.
15:16 of 3rd period - Minor Penalty to Ryan Merkley for Hooking.
15:17 of 3rd period - Yakov Trenin wins face-off versus Dawson Mercer in Abbotsford Heat zone.
15:29 of 3rd period - Wrist shot by Dillon Dube.
15:29 of 3rd period - Stopped by Pheonix Copley with a rebound.
17:16 of 3rd period - Penalty to Ryan Merkley is over, Ryan Merkley is back on ice.
17:21 of 3rd period - Jacob Peterson is hit by Nikita Alexandrov and loses puck.
17:42 of 3rd period - Wyatt Newpower is hit by Morgan Barron and loses puck.
17:49 of 3rd period - Morgan Barron is hit by Mathias Laferriere.
17:58 of 3rd period - Icing by Daniil Miromanov.
17:59 of 3rd period - Benoit-Olivier Groulx wins face-off versus Dylan Holloway in Abbotsford Heat zone.
18:04 of 3rd period - Gabriel Carlsson is hit by Bobby Brink and loses puck.
18:11 of 3rd period - Jack Johnson is hit by Bobby Brink and loses puck.
18:26 of 3rd period - Wrist shot by Cole Sillinger.
18:26 of 3rd period - Shot Misses the Net.
18:28 of 3rd period - Snap shot by Lane Pederson.
18:28 of 3rd period - Stopped by Adam Huska with a rebound.
18:30 of 3rd period - Slapshot by Michael Anderson.
18:30 of 3rd period - Shot Misses the Net.
18:32 of 3rd period - Wrist shot by Lane Pederson.
18:32 of 3rd period - Shot Misses the Net.
18:34 of 3rd period - Snap shot by Daniil Miromanov.
18:34 of 3rd period - Stopped by Adam Huska with a rebound.
18:58 of 3rd period - Gabriel Carlsson is hit by Yakov Trenin.
19:04 of 3rd period - Snap shot by Cole Perfetti.
19:04 of 3rd period - Shot Misses the Net.
19:16 of 3rd period - Wrist shot by Connor McMichael.
19:16 of 3rd period - Stopped by Pheonix Copley with a rebound.
19:18 of 3rd period - Backhand shot by Jack Johnson.
19:18 of 3rd period - Shot Blocked by Bobby Brink.
19:20 of 3rd period - Wrist shot by Connor McMichael.
19:20 of 3rd period - Shot Blocked by Wyatt Newpower.
19:22 of 3rd period - Wrist shot by Julien Gauthier.
19:22 of 3rd period - Shot Misses the Net.
19:24 of 3rd period - Snap shot by Connor McMichael.
19:24 of 3rd period - Shot Misses the Net.
Goals for this period are 1 for Abbotsford Heat vs 4 for Edmonton Oil Kings.
Shots for this period are 7 for Abbotsford Heat vs 22 for Edmonton Oil Kings.
Back to the Top